 Dungeon Crawl Stone Soup version 5.6-49-g8abd877 (webtiles) character file.

71 HarryHood the Basher (level 12, -8/82 HPs) *CASUAL*
             Began as a Gargoyle Fighter on Oct 6, 2018.
             Was an Elder of Cheibriados.
             Mangled by a sun demon (14 damage)
             ... summoned by an obsidian statue
             ... on level 11 of the Dungeon.
             The game lasted 00:42:52 (7673 turns).

HarryHood the Basher (Gargoyle Fighter)             Turns: 7673, Time: 00:42:53

Health: -8/82      AC: 24 (42%)Str: 39    XL:     12   Next: 75%
Magic:  20/20      EV:  5    Int: 18 (19) God:    Cheibriados [4*[118]]
Gold:   758        SH: 10    Dex: 20      Spells: 22/22 levels left

rFire    . . .     SeeInvis .   a - +4 flail (devast)
rCold    . . .     Faith    .   c - +0 shield
rNeg     + . .     Spirit   .   b - +0 scale mail
rPois    ∞         Reflect  .   r - +2 helmet
rElec    +                      f - +2 cloak
rCorr    .                      (no gloves)
MR       .....                  m - +0 pair of boots
Stlth    ..........             e - amulet of regeneration {@e1}
Regen    0.7/turn               s - +3 ring of protection
MPRegen  0.5/turn               x - +5 ring of strength

@: mesmerised, very slow
A: [blurry vision 1], negative energy resistance 1, electricity resistance,
unbreathing, petrification resistance, rot immunity, [exposed], AC +8
a: Bend Time, Temporal Distortion, Slouch, Renounce Religion


You were on level 11 of the Dungeon.
You worshipped Cheibriados.
Cheibriados was greatly pleased with you.
You were not hungry.

You visited 1 branch of the dungeon, and saw 11 of its levels.

You collected 758 gold pieces.

Inventory:

Hand Weapons
 a - a +4 flail of devastation (weapon)
Missiles
 t - 181 tomahawks (quivered)
Armour
 b - a +0 scale mail (worn)
 c - a +0 shield (worn)
 f - a +2 cloak (worn)
 m - a +0 pair of boots (worn)
 r - a +2 helmet (worn)
 v - a +0 plate armour
Jewellery
 e - an amulet of regeneration (around neck) {@e1}
 o - an uncursed ring of positive energy
 s - a +3 ring of protection (left hand)
 x - a +5 ring of strength (right hand)
Scrolls
 g - 2 scrolls of blinking {@r7}
 h - 5 scrolls of magic mapping {@r5}
 j - 7 scrolls of teleportation {@r0}
 k - 4 scrolls of fear
 p - a scroll of holy word
 y - 2 scrolls of fog
Potions
 d - 2 potions of augmentation
 i - 2 potions of lignification
 l - 2 potions of ambrosia
 n - 2 potions of cancellation
 q - 2 potions of mutation
 u - 2 potions of invisibility
 w - 5 potions of flight


   Skills:
 + Level 12.4 Fighting
 - Level 14.0 Maces & Staves
 * Level 4.2 Throwing
 - Level 6.2 Armour
 - Level 6.0 Shields
 - Level 1.0 Necromancy
 + Level 6.2 Invocations


You had 22 spell levels left.
You didn't know any spells.
Your spell library contained the following spells:

 Spells                   Type           Power        Failure   Level  Hunger
 Conjure Flame            Fire/Air       0 (100)      98%         3    N/A
 Bolt of Fire             Fire           0 (200)      100%        6    N/A
 Freezing Cloud           Ice/Air        0 (200)      100%        6    N/A
 Mephitic Cloud           Hex/Air        0 (100)      100%        4    N/A
 Ring of Flames           Chrm/Fire      0 (200)      100%        7    N/A
 Death's Door             Chrm/Necr      1 (200)      100%        8    N/A
 Haunt                    Necr/Summ      1 (200)      100%        7    N/A
 Borgnjor's Revivificati  Necr           3 (200)      100%        8    N/A
 Ozocubu's Refrigeration  Ice            0 (200)      100%        7    N/A
 Necromutation            Tmut/Necr      1 (200)      100%        6    N/A
 Orb of Destruction       Erth           0 (200)      100%        7    N/A
 Iskenderun's Battlesphe  Chrm/Summ      0 (100)      100%        5    N/A
 Fulminant Prism          Air            0 (200)      100%        5    N/A
 Spellforged Servitor     Summ           0 (200)      100%        7    N/A
 Infestation              Hex/Necr       1 (200)      100%        7    N/A

Dungeon Overview and Level Annotations

Branches:
Dungeon (11/15)            Bazaar (0/1) D:11

Altars:
Cheibriados
Dithmenos
Elyvilon
Gozag
Jiyva
Kikubaaqudgha
Lugonu
Makhleb
Nemelex Xobeh
Okawaru
Qazlal
Ru
Sif Muna
Trog
Uskayaw
Vehumet
Wu Jian
Xom
Yredelemnul
Zin
The Shining One

Annotations:
D:11 exclusion: obsidian statue


Innate Abilities, Weirdness & Mutations

You are resistant to torment.
Your stone body is resilient. (AC +8)
You are immune to poison.
You resist negative energy. (rN+)
You are resistant to electric shocks. (rElec)
You can survive without breathing.
You are immune to petrification.
You are immune to rotting.
[Scrolls take you a little longer to read.]
[You are less able to defend yourself (AC -3, EV -3, SH - 3).]


Message History

Your vision blurs.
The obsidian statue's eyes glow briefly.
You take 33 damage, and have 29/82 hp.
MASSIVE DAMAGE!!
You cannot move away from the obsidian statue!
You cannot move away from the obsidian statue!
You cannot move away from the obsidian statue!
You cannot move away from the obsidian statue!
You closely miss the sun demon. The sun demon hits you (11)!
* * * LOW HITPOINT WARNING * * *
You are engulfed in flames (14)!
* * * LOW HITPOINT WARNING * * *
The neqoxec gestures at you.
You feel dopey. Something feeds on your intellect!
The sun demon hits you but does no damage.
You take 24 damage, and have 5/82 hp.
MASSIVE DAMAGE!!
You sock the sun demon (8)!
The blow is devastating (10)!
The neqoxec hits you but does no damage.
The sun demon hits you (14)!
You die...

###...#.##
.........#
.#.##.......
...........#
.#[.#....P.#
..........#
#P.##P.###
▒3@....#
▒5835##.###
▒▒▒#5##...#
.###.### ##
#...##
##...#
##.### #...#
#P.##


You could see an obsidian statue, a sun demon, a neqoxec, a crimson imp, a white
imp and an ufetubus.

Vanquished Creatures
  Erolcha (D:9)
  Erica (D:8)
  A two-headed ogre (D:10)
  Pikel (D:4)
  A deep elf mage (D:11)
  An orc sorcerer (D:7)
  A troll (D:9)
  Prince Ribbit (D:6)
  4 blink frogs (D:10)
  Grinder (D:4)
  Eustachio (D:4)
  Grum (D:9)
  2 black mamba skeletons
  Edmund (D:6)
  A water moccasin (D:7)
  An ice beast (D:7)
  A slave (D:4)
  2 black bears (D:7)
  Duvessa (D:6)
  3 orc warriors
  3 wolves (D:9)
  5 ogres
  3 centaurs
  3 big kobolds (D:8)
  A wyvern zombie (D:6)
  Dowan (D:6)
  A water moccasin zombie (D:7)
  A scorpion (D:3)
  10 crimson imps
  7 killer bees
  14 wights
  3 howler monkeys
  4 quasits
  3 hounds
  2 jellies
  2 lava snakes (D:7)
  A bullfrog zombie (D:7)
  A centaur zombie (D:10)
  5 orc priests
  A bullfrog skeleton (D:6)
  A centaur skeleton (D:6)
  A gnoll shaman (D:8)
  Natasha (D:4)
  8 orc wizards
  6 worker ants
  2 iguanas
  Samantha (D:4)
  3 gnolls (D:8)
  6 adders
  A shadow imp (D:5)
  An ooze (D:4)
  23 orcs
  7 quokkas
  6 giant cockroaches
  2 gnoll zombies (D:4)
  8 hobgoblins
  8 jackals
  9 kobolds
  3 ball pythons
  5 bats
  11 frilled lizards
  15 goblins
  5 rats
231 creatures vanquished.

Notes
Turn   | Place    | Note
-------+----------+-------------------------------------------
     0 | D:1      | HarryHood the Gargoyle Fighter began the quest for the Orb.
     0 | D:1      | Reached XP level 1. HP: 14/14 MP: 2/2
    69 | D:1      | Reached XP level 2. HP: 19/19 MP: 3/3
   132 | D:1      | Reached skill level 3 in Maces & Staves
   241 | D:1      | Reached XP level 3. HP: 23/23 MP: 4/4
   535 | D:1      | Reached skill level 4 in Maces & Staves
   800 | D:2      | Found a corrupted altar of Lugonu.
   830 | D:2      | Reached XP level 4. HP: 28/28 MP: 6/6
   980 | D:2      | Reached skill level 5 in Maces & Staves
   980 | D:2      | Reached XP level 5. HP: 30/32 MP: 7/7
  1159 | D:2      | Found an opulent altar of Gozag.
  1336 | D:3      | Reached skill level 6 in Maces & Staves
  1359 | D:3      | Reached skill level 4 in Fighting
  1359 | D:3      | Reached XP level 6. HP: 11/38 MP: 9/9
  1631 | D:3      | Found an iron altar of Okawaru.
  1644 | D:3      | Reached skill level 5 in Fighting
  1644 | D:3      | Reached XP level 7. HP: 38/44 MP: 10/10
  1736 | D:3      | Found a sparkling altar of Nemelex Xobeh.
  1784 | D:3      | Found a faded altar of an unknown god.
  1867 | D:3      | Reached skill level 6 in Fighting
  2020 | D:3      | Found an ancient bone altar of Kikubaaqudgha.
  2138 | D:4      | Found a basalt altar of Yredelemnul.
  2252 | D:4      | Noticed Grinder
  2267 | D:4      | Killed Grinder
  2267 | D:4      | Reached skill level 7 in Maces & Staves
  2267 | D:4      | Reached XP level 8. HP: 26/51 MP: 11/11
  2450 | D:4      | Noticed Samantha
  2460 | D:4      | Reached skill level 8 in Maces & Staves
  2497 | D:4      | Killed Samantha
  2592 | D:4      | Reached skill level 9 in Maces & Staves
  2603 | D:4      | Found a shadowy altar of Dithmenos.
  2625 | D:4      | Found a stormy altar of Qazlal.
  2803 | D:4      | Found an ornate altar of the Wu Jian Council.
  2806 | D:4      | Found a stormy altar of Qazlal.
  2807 | D:4      | Found a deep blue altar of Sif Muna.
  2807 | D:4      | Found a glowing silver altar of Zin.
  2810 | D:4      | Found a hide-covered altar of Uskayaw.
  2810 | D:4      | Found a sacrificial altar of Ru.
  2810 | D:4      | Found a bloodstained altar of Trog.
  2813 | D:4      | Found a sparkling altar of Nemelex Xobeh.
  2813 | D:4      | Found a viscous altar of Jiyva.
  2840 | D:4      | Noticed Eustachio
  2840 | D:4      | Noticed Natasha
  2859 | D:4      | Killed Eustachio
  2861 | D:4      | Killed Natasha
  2861 | D:4      | Reached XP level 9. HP: 55/56 MP: 13/13
  3080 | D:4      | Reached skill level 7 in Fighting
  3080 | D:4      | Reached skill level 10 in Maces & Staves
  3094 | D:4      | Found a snail-covered altar of Cheibriados.
  3105 | D:4      | Became a worshipper of Cheibriados the Contemplative
  3225 | D:4      | Noticed Pikel
  3258 | D:4      | Killed Pikel
  3258 | D:4      | Reached skill level 8 in Fighting
  3258 | D:4      | Reached skill level 11 in Maces & Staves
  3386 | D:5      | Entered Level 5 of the Dungeon
  3393 | D:5      | Found a shimmering altar of Xom.
  3797 | D:5      | Reached XP level 10. HP: 63/65 MP: 14/14
  3937 | D:5      | Found a radiant altar of Vehumet.
  4199 | D:6      | Found a white marble altar of Elyvilon.
  4210 | D:6      | Noticed Dowan
  4210 | D:6      | Noticed Duvessa
  4223 | D:6      | Killed Duvessa
  4223 | D:6      | Reached * piety under Cheibriados
  4228 | D:6      | Killed Dowan
  4228 | D:6      | Reached skill level 1 in Necromancy
  4275 | D:6      | Noticed Prince Ribbit
  4284 | D:6      | Killed Prince Ribbit
  4284 | D:6      | Reached skill level 9 in Fighting
  4284 | D:6      | Reached skill level 12 in Maces & Staves
  4287 | D:6      | Found a burning altar of Makhleb.
  4288 | D:6      | Noticed Edmund
  4297 | D:6      | Killed Edmund
  4524 | D:6      | Found a glowing golden altar of the Shining One.
  4836 | D:7      | Noticed an orc sorcerer
  4840 | D:7      | Killed an orc sorcerer
  4840 | D:7      | Reached skill level 10 in Fighting
  4840 | D:7      | Reached skill level 13 in Maces & Staves
  4872 | D:7      | Reached ** piety under Cheibriados
  5099 | D:7      | Reached XP level 11. HP: 39/72 MP: 17/17
  5781 | D:8      | Reached skill level 14 in Maces & Staves
  5781 | D:8      | Noticed Erica
  5788 | D:8      | Killed Erica
  5788 | D:8      | Reached skill level 11 in Fighting
  5788 | D:8      | Reached skill level 4 in Armour
  5788 | D:8      | Reached skill level 2 in Invocations
  5848 | D:8      | Reached skill level 5 in Armour
  6016 | D:8      | Reached *** piety under Cheibriados
  6278 | D:9      | Reached skill level 6 in Armour
  6278 | D:9      | Reached skill level 3 in Invocations
  6416 | D:9      | Noticed Erolcha
  6421 | D:9      | Killed Erolcha
  6421 | D:9      | Reached skill level 4 in Shields
  6421 | D:9      | Reached skill level 4 in Invocations
  6421 | D:9      | Reached XP level 12. HP: 74/80 MP: 20/20
  6477 | D:9      | Noticed Grum
  6485 | D:9      | Killed Grum
  6485 | D:9      | Reached skill level 5 in Shields
  6496 | D:9      | Reached **** piety under Cheibriados
  6556 | D:9      | Reached skill level 5 in Invocations
  6899 | D:10     | Entered Level 10 of the Dungeon
  6918 | D:10     | Found a burning altar of Makhleb.
  6945 | D:10     | Reached skill level 12 in Fighting
  6945 | D:10     | Reached skill level 6 in Shields
  6946 | D:10     | Reached skill level 1 in Throwing
  6977 | D:10     | Reached skill level 2 in Throwing
  7196 | D:10     | Noticed a two-headed ogre
  7203 | D:10     | Killed a two-headed ogre
  7203 | D:10     | Reached skill level 3 in Throwing
  7203 | D:10     | Reached skill level 6 in Invocations
  7618 | D:11     | Reached skill level 4 in Throwing
  7659 | D:11     | Found a gateway to a bazaar.
  7667 | D:11     | Noticed a sun demon
  7672 | D:11     | HP: 5/82 [sun demon[an obsidian statue] (14)]
  7673 | D:11     | Mangled by a sun demon

Skill      XL: |  1  2  3  4  5  6  7  8  9 10 11 12 |
---------------+-------------------------------------+-----
Maces & Staves | 3 4 5 6 7 9 11 13 14 | 14.0
Fighting       | 4 5 6 8 10 11 12 | 12.4
Necromancy     | 1 |  1.0
Armour         | 6 |  6.2
Invocations    | 4 6 |  6.2
Shields        | 4 6 |  6.0
Throwing       | 4 |  4.2

Action                   |  1- 3 |  4- 6 |  7- 9 | 10-12 || total
-------------------------+-------+-------+-------+-------++-------
Melee: Flail             |    77 |   104 |       |   294 ||   475
       Mace              |       |     3 |   229 |    29 ||   261
  Use: Potion            |       |       |     1 |     1 ||     2
       Scroll            |       |       |       |     5 ||     5
Armor: Scale mail        |    47 |    42 |   183 |   231 ||   503
Dodge: Dodged            |    25 |    26 |    97 |    98 ||   246
Block: Shield            |    37 |    41 |   163 |   216 ||   457
